 Dungeon Crawl Stone Soup version 0.21-a0-404-g291f19a (webtiles) character file.

17065 Shymer the Geomancer (level 12, -4/73 HPs)
             Began as a Gargoyle Earth Elementalist on Oct 26, 2017.
             Was a Priest of Ru.
             Slain by a snapping turtle (11 damage)
             ... on level 1 of the Shoals on Oct 27, 2017.
             The game lasted 03:31:55 (15526 turns).

Shymer the Geomancer (Gargoyle Earth Elementalist) Turns: 15526, Time: 03:31:56

Health: -4/73      AC: 18    Str: 20    XL:     12   Next: 44%
Magic:  3/20       EV: 12    Int: 19    God:    Ru [***...]
Gold:   344        SH:  0    Dex: 10    Spells: 4/21 levels left

rFire    . . .     SeeInvis .   h - +5 whip (distort)
rCold    . . .     Gourm    +   (no shield)
rNeg     + + .     Faith    .   T - +1 steam dragon scales
rPois    ∞         Spirit   .   (no helmet)
rElec    +         Reflect  .   S - +0 cloak
rCorr    .         Harm     .   X - +0 pair of gloves
MR       .....                  (no boots)
Stlth    ..........             F - amulet of the gourmand
HPRegen  0.22/turn              o - ring of positive energy
MPRegen  0.17/turn              C - +3 ring of strength

@: mighty, barbed spikes
A: dopey 1, negative energy resistance 1, electricity resistance, unbreathing,
petrification resistance, rot immunity, no stealth, no ice magic, no summoning
magic, no transmutations magic, disrupted magic 1, AC +8
a: Draw Out Power, Renounce Religion


You were on level 1 of the Shoals.
You worshipped Ru.
Ru was most pleased with you.
You were not hungry.

You visited 4 branches of the dungeon, and saw 16 of its levels.

You collected 859 gold pieces.
You spent 515 gold pieces at shops.

Inventory:

Hand Weapons
 f - a +1 antimagic trident
 h - a +5 whip of distortion (weapon)
 p - a +2 war axe of chopping
 B - a +0 flail of draining
 G - a +0 whip of flaming
 V - a +4 great mace of protection
 Y - a +3 mace
Missiles
 b - 99 stones (quivered)
Armour
 R - the +5 chain mail of Weirdness {rF+ Regen+ rCorr Str-2}
   (You found it on level 8 of the Dungeon)

   It affects your strength (-2).
   It protects you from fire.
   It increases your rate of regeneration.
   It protects you from acid and corrosion.
 S - a +0 cloak (worn)
 T - +1 steam dragon scales (worn)
 X - a +0 pair of gloves (worn)
Jewellery
 m - an uncursed ring of protection from cold
 o - a ring of positive energy (left hand)
 C - a +3 ring of strength (right hand)
 F - an amulet of the gourmand (around neck)
 K - an uncursed amulet of regeneration {unknown}
Wands
 a - a wand of random effects (16/48)
 g - a wand of lightning (0/15)
 i - a wand of confusion (46/48)
 v - a wand of confusion (29/48)
 D - a wand of disintegration (10/24)
 J - a wand of confusion (24/48)
 L - a wand of acid (9/15)
 M - a wand of lightning (9/15)
 P - a wand of flame (7/48)
 Q - a wand of confusion (24/48)
Scrolls
 n - a scroll of remove curse
 r - a scroll of teleportation
 t - a scroll of magic mapping
Potions
 l - 6 potions of flight
 q - a potion of lignification {unknown}
 u - 2 potions of brilliance
Books
 e - a book of Geomancy

   Spells                             Type                      Level
   a - Sandblast                      Earth                        1
   b - Passwall                       Transmutation/Earth          2
   c - Stone Arrow                    Conjuration/Earth            3
   d - Petrify                        Transmutation/Earth          4
   e - Lee's Rapid Deconstruction     Earth                        5
 j - a Young Poisoner's Handbook

   Spells                             Type                      Level
   a - Sting                          Conjuration/Poison           1
   b - Poisonous Vapours              Poison/Air                   2
   c - Mephitic Cloud                 Conjuration/Poison/Air       3
   d - Olgreb's Toxic Radiance        Poison                       4
   e - Venom Bolt                     Conjuration/Poison           5
 x - a book of Necromancy

   Spells                             Type                      Level
   a - Pain                           Necromancy                   1
   b - Animate Skeleton               Necromancy                   1
   c - Vampiric Draining              Necromancy                   3
   d - Regeneration                   Charms/Necromancy            3
   e - Animate Dead                   Necromancy                   4
   f - Control Undead                 Necromancy                   4
 y - a book of Conjurations

   Spells                             Type                      Level
   a - Magic Dart                     Conjuration                  1
   b - Searing Ray                    Conjuration                  2
   c - Dazzling Spray                 Conjuration/Hexes            3
   d - Fulminant Prism                Conjuration/Hexes            4
   e - Force Lance                    Conjuration/Translocation    4
   f - Iskenderun's Mystic Blast      Conjuration                  4
Comestibles
 c - 5 royal jellies
 d - 4 bread rations
 k - 5 meat rations
 s - 11 fruits


   Skills:
 + Level 8.0 Fighting
 + Level 8.2 Maces & Flails
 + Level 6.3 Armour
 - Level 1.6 Dodging
 + Level 5.4 Spellcasting
 + Level 7.1 Conjurations
 + Level 14.9 Earth Magic


You had 4 spell levels left.
You knew the following spells:

 Your Spells              Type           Power        Failure   Level  Hunger
a - Sandblast             Erth           ######       1%          1    None
b - Stone Arrow           Conj/Erth      #####.       1%          3    ##.....
c - Passwall              Tmut/Erth      ####......   1%          2    None
d - Searing Ray           Conj           ####..       1%          2    None
e - Lee's Rapid Deconstr  Erth           ######....   1%          5    #####..
f - Iskenderun's Mystic   Conj           ####....     10%         4    ####...


Dungeon Overview and Level Annotations

Branches:
Dungeon (12/15)            Temple (1/1) D:4            Lair (2/6) D:11
 Shoals (1/4) Lair:2
  Snake: Lair:2-4    Spider: Lair:2-4       Orc: D:9-12

Altars:
Ashenzari
Cheibriados
Dithmenos
Elyvilon
Fedhas
Gozag
Hepliaklqana
Kikubaaqudgha
Makhleb
Nemelex Xobeh
Okawaru
Qazlal
Ru
Sif Muna
Trog
Uskayaw
Vehumet
Wu Jian
Xom
Yredelemnul
Zin
The Shining One

Shops:
D:7 !?(%?   D:9 :

Annotations:
D:9 exclusion: oklob plant


Innate Abilities, Weirdness & Mutations

You are resistant to torment.
Your stone body is resilient. (AC +8)
You are immune to poison.
You are dopey. (Int -2)
You resist negative energy. (rN+)
You are resistant to electric shocks. (rElec)
You can survive without breathing.
You are immune to petrification.
You are immune to rotting.
You cannot be stealthy.
You cannot study or cast Ice magic.
You cannot study or cast Summoning magic.
You cannot study or cast Transmutations magic.
Your casting is slightly disrupted.


Message History

Press: ? - help, Dir - move target cursor The wall shatters!
The blast of rock fragments hits the snapping turtle.
The snapping turtle is moderately wounded.
The blast of rock fragments hits the snapping turtle.
The snapping turtle is moderately wounded.
You hear an angry hiss. x2
The manticore flicks its tail.
The volley of spikes misses you.
The snapping turtle bites you but does no damage. x2
Evoke which item? (* to show all) (? for menu, Esc to quit)
Aiming: Corrosive Bolt (will waste charges)
Press: ? - help, Shift-Dir - straight line, f - snapping turtle
Aim: a snapping turtle (moderately wounded)
The bolt of acid hits the snapping turtle.
The snapping turtle appears unharmed.
The snapping turtle is moderately wounded.
Evoking this partially-identified wand wasted a few charges.
The snapping turtle bites you from afar!
You die...

##.≈≈≈≈ ≈..≈≈≈≈≈..
≈..≈≈≈≈≈. ≈≈≈≈≈....
### ≈≈≈≈≈.... ####.#
≈≈≈≈≈...###....#
≈≈≈≈..........##
≈≈≈.≈≈≈...##.@####..≈
≈≈≈≈≈≈...##t..H....≈≈
≈≈≈≈≈≈.....t##...≈≈≈≈
≈≈≈≈≈≈.....##.≈≈.≈≈≈≈
≈≈≈≈≈.........≈≈≈≈≈≈≈
≈≈≈≈..##......≈≈≈≈≈≈≈
≈≈≈≈.......##.≈≈≈≈≈≈≈
≈≈≈≈≈≈≈≈≈.###.≈≈≈≈...
≈≈≈≈≈≈.≈.....≈≈≈≈≈.#.


You could see 2 snapping turtles and a manticore.

Vanquished Creatures
  A hydra (Lair:2)
  3 two-headed ogres
  Urug (D:11)
  A sea snake (Shoals:1)
  An ugly thing (D:11)
  2 manticores
  A merfolk siren (Shoals:1)
  A gargoyle (D:10)
  3 spiny frogs
  A rime drake (Lair:2)
  The ghost of dolbystereo the Cudgeler, an amateur TrBe of Trog (D:5)
  A merfolk (Shoals:1)
  Prince Ribbit (Lair:1)
  2 blink frogs (Lair:1)
  2 hippogriffs (Lair:2)
  A water elemental (Lair:2)
  10 yaks
  A steam dragon (D:11)
  8 water moccasins
  2 porcupines (Lair:2)
  5 orc warriors
  An ice beast (D:5)
  3 sky beasts
  2 black bears
  2 phantoms
  A necrophage (D:11)
  4 wolves (Lair:2)
  8 ogres
  8 centaurs
  3 crocodiles
  A big kobold (D:11)
  5 bullfrogs
  5 scorpions
  5 wights (D:11)
  6 crimson imps
  A quasit (D:5)
  2 bullfrog zombies
  6 hounds
  2 jellies
  8 orc priests
  9 orc wizards
  A bullfrog skeleton (D:5)
  Jessica (D:3)
  2 iguanas (D:9)
  6 worker ants
  A worker ant zombie (D:9)
  5 adders
  10 gnolls
  A shadow imp (D:6)
  2 oozes
  An adder zombie (D:9)
  2 adder skeletons
  4 worms
  A dart slug (D:1)
  6 leopard geckos
  38 orcs
  10 giant cockroaches
  4 goblins
  6 hobgoblins
  4 jackals (D:9)
  15 kobolds
  4 quokkas
  A ball python (D:4)
  8 bats
  6 frilled lizards
  A jackal skeleton (D:5)
  4 rats (D:2)
275 creatures vanquished.

Vanquished Creatures (others)
  4 yaks
  A phantom (D:9)
  A necrophage (D:10)
  2 wolves (Lair:2)
  A bullfrog (D:6)
  A bullfrog zombie (D:7)
  A worker ant (D:7)
  An adder (D:3)
  An orc (D:9)
  A hobgoblin (D:3)
  2 kobolds (D:11)
  A fungus (Lair:1)
17 creatures vanquished.

Grand Total: 292 creatures vanquished

Notes
Turn   | Place    | Note
-------+----------+-------------------------------------------
     0 | D:1      | Shymer the Gargoyle Earth Elementalist began the quest for the Orb.
     0 | D:1      | Reached XP level 1. HP: 10/10 MP: 3/3
   277 | D:1      | Reached skill level 4 in Earth Magic
   277 | D:1      | Reached XP level 2. HP: 15/15 MP: 5/5
   777 | D:1      | Upgraded the game from 0.21-a0-401-g0b6bec4 to 0.21-a0-404-g291f19a
   844 | D:2      | Reached XP level 3. HP: 19/19 MP: 0/6
   854 | D:2      | Found a sacrificial altar of Ru.
   860 | D:2      | Reached skill level 5 in Earth Magic
   943 | D:2      | Found a basalt altar of Yredelemnul.
   971 | D:2      | Learned a level 1 spell: Sandblast
  1044 | D:2      | Reached skill level 1 in Fighting
  1070 | D:2      | Reached XP level 4. HP: 24/25 MP: 7/7
  1231 | D:2      | Found a stormy altar of Qazlal.
  1352 | D:2      | Became a worshipper of Ru the Awakened
  1519 | D:3      | Found a radiant altar of Vehumet.
  1685 | D:3      | Reached skill level 6 in Earth Magic
  1685 | D:3      | Reached XP level 5. HP: 29/29 MP: 1/8
  1831 | D:3      | Found an iron altar of Okawaru.
  1847 | D:3      | Noticed Jessica
  1854 | D:3      | Killed Jessica
  1995 | D:3      | Reached XP level 6. HP: 19/35 MP: 7/9
  2075 | D:3      | Found a faded altar of an unknown god.
  2264 | D:4      | Reached skill level 7 in Earth Magic
  2281 | D:5      | Entered Level 5 of the Dungeon
  2471 | D:4      | Found a staircase to the Ecumenical Temple.
  2481 | Temple   | Entered the Ecumenical Temple
  2840 | D:4      | Learned a level 3 spell: Stone Arrow
  2881 | D:3      | Found a shattered altar of Ashenzari.
  2888 | D:4      | HP: 1/36 [orc priest/divine providence (12)]
  3260 | D:4      | Reached XP level 7. HP: 41/41 MP: 7/10
  3424 | D:4      | Reached skill level 8 in Earth Magic
  3486 | D:4      | Learned a level 2 spell: Passwall
  3535 | D:5      | Reached skill level 1 in Maces & Flails
  3774 | D:5      | Noticed dolbystereo's ghost (amateur TrBe)
  3981 | D:5      | Killed dolbystereo's ghost
  3981 | D:5      | Reached skill level 9 in Earth Magic
  3981 | D:5      | Reached XP level 8. HP: 25/48 MP: 1/11
  4565 | D:5      | Found a burning altar of Makhleb.
  4624 | D:5      | Reached skill level 10 in Earth Magic
  5497 | D:6      | Reached XP level 9. HP: 52/52 MP: 7/12
  5596 | D:6      | Identified the Compendium of Evil Calling
  5599 | D:6      | Found an ornate altar of the Wu Jian Council.
  5605 | D:6      | Reached skill level 1 in Conjurations
  5787 | D:6      | Reached skill level 11 in Earth Magic
  6075 | D:7      | Found Pomuloing's Antique Weapon Emporium.
  6083 | D:7      | Gained mutation: You are dopey. (Int -2) [Ru sacrifice]
  6124 | D:7      | Found Fuwese's Food Shop.
  6125 | D:7      | Found Tebryluq's Magic Scroll Shop.
  6129 | D:7      | Bought a scroll of enchant weapon for 105 gold pieces
  6129 | D:7      | Bought a scroll of identify for 28 gold pieces
  6129 | D:7      | Bought a scroll of recharging for 133 gold pieces
  6129 | D:7      | Bought a scroll of identify for 28 gold pieces
  6129 | D:7      | Bought a scroll of enchant weapon for 105 gold pieces
  6630 | D:7      | Reached skill level 5 in Maces & Flails
  6633 | D:7      | Found Baicho's Magic Scroll Boutique.
  6657 | D:7      | Bought a scroll of identify for 28 gold pieces
  6657 | D:7      | Bought a scroll of identify for 28 gold pieces
  6710 | D:7      | Found Seulateu's Distillery.
  6718 | D:7      | Bought a potion of heal wounds for 60 gold pieces
  6757 | D:7      | Found a snail-covered altar of Cheibriados.
  6882 | D:7      | Found a deep blue altar of Sif Muna.
  7149 | D:7      | Reached skill level 12 in Earth Magic
  7539 | D:8      | Reached skill level 5 in Fighting
  7804 | D:8      | Found a shimmering altar of Xom.
  7808 | D:8      | Found a shimmering altar of Xom.
  7813 | D:8      | Got a transparent chain mail
  7824 | D:8      | Identified the +5 chain mail of Weirdness {rF+ Regen+ rCorr Str-2} (You found it on level 8 of the Dungeon)
  7868 | D:8      | Found a shimmering altar of Xom.
  7870 | D:8      | Found a shimmering altar of Xom.
  7872 | D:8      | Found a shimmering altar of Xom.
  7872 | D:8      | Found a shimmering altar of Xom.
  7880 | D:8      | Found a shimmering altar of Xom.
  7918 | D:8      | Learned a level 2 spell: Searing Ray
  7928 | D:8      | Found a hide-covered altar of Uskayaw.
  8181 | D:9      | Reached XP level 10. HP: 59/59 MP: 4/13
  8326 | D:9      | Found Xext's Book Shop.
  8391 | D:9      | Found a blossoming altar of Fedhas.
  8408 | D:9      | Noticed an oklob plant
  8459 | D:9      | Noticed a red ugly thing
  8472 | D:9      | Reached skill level 13 in Earth Magic
  9045 | D:9      | Gained mutation: You cannot study or cast Ice magic. [Ru sacrifice]
  9045 | D:9      | Gained mutation: You cannot study or cast Transmutations magic. [Ru sacrifice]
  9045 | D:9      | Gained mutation: You cannot study or cast Summoning magic. [Ru sacrifice]
  9045 | D:9      | Reached * piety under Ru
  9045 | D:9      | Reached ** piety under Ru
  9602 | D:10     | Entered Level 10 of the Dungeon
  9706 | D:10     | Got a shimmering demon blade
  9745 | D:10     | Noticed a two-headed ogre
  9763 | D:10     | Killed a two-headed ogre
  9763 | D:10     | Reached skill level 1 in Armour
  9965 | D:10     | Found a basalt altar of Yredelemnul.
 10280 | D:10     | Noticed a gargoyle
 10381 | D:10     | Noticed a two-headed ogre
 10388 | D:10     | Killed a two-headed ogre
 10724 | D:10     | Killed a gargoyle
 10724 | D:10     | Reached skill level 14 in Earth Magic
 11245 | D:11     | Noticed a two-headed ogre
 11254 | D:11     | Killed a two-headed ogre
 11254 | D:11     | Reached XP level 11. HP: 32/64 MP: 8/15
 11566 | D:11     | Reached skill level 5 in Conjurations
 12029 | D:11     | Found a staircase to the Lair.
 12036 | Lair:1   | Entered Level 1 of the Lair of Beasts
 12186 | Lair:1   | Gained mutation: You cannot be stealthy. [Ru sacrifice]
 12411 | D:11     | Noticed Urug
 12488 | D:11     | Killed Urug
 12818 | D:11     | Noticed a red ugly thing
 12834 | D:11     | Killed a red ugly thing
 13109 | Lair:1   | Learned a level 5 spell: Lee's Rapid Deconstruction
 13114 | Lair:1   | Learned a level 4 spell: Iskenderun's Mystic Blast
 13136 | Lair:1   | Noticed Prince Ribbit
 13163 | Lair:1   | Killed Prince Ribbit
 13177 | Lair:1   | Reached skill level 5 in Armour
 14169 | Lair:2   | Found a staircase to the Shoals.
 14172 | Lair:2   | Reached XP level 12. HP: 72/72 MP: 11/19
 14335 | Shoals:1 | Entered Level 1 of the Shoals
 14594 | Lair:2   | Gained mutation: Your casting is slightly disrupted. [Ru sacrifice]
 14594 | Lair:2   | Reached *** piety under Ru
 14690 | Lair:2   | Reached skill level 5 in Spellcasting
 14822 | Lair:2   | Noticed an eight-headed hydra
 14859 | Lair:2   | Killed an eight-headed hydra
 15526 | Shoals:1 | Slain by a snapping turtle

Vault maps used:
D:1:      minmay_arrival_loop
D:2:      nicolae_ru_awakened_eye, grunt_qazlal_sundering,
          yredelemnul_altar_generic, minmay_small_reverse_x
D:3:      old_standard_altar, nicolae_overflow_hidden_temple,
          okawaru_ov_weapons_minmay, chequers_ecumenical_altar_simple,
          grunt_ministairs_10, grunt_decor_one_mirror, uniq_jessica
D:4:      minmay_temple_entry_large_hall, first_bread
D:5:      lightli_temple_of_fire
D:6:      overflow_temple_1_default
D:7:      kennysheep_little_box, basic_altar, serial_shops, shop, shop_coins,
          shop, nicolae_shop_trees, shop
D:8:      nicolae_xom_altar_mimics, nicolae_overflow_crystal_walls
D:9:      tgw_fedhas, serial_shops, nicolae_shop_statue_plus
D:10:     basic_altar
D:11:     lair_entry_dummy, uniq_urug
D:12:     david_orc_1_choice, uniq_rupert
Temple:   jpeg_temple_alley_garden
Lair:1:   lemuel_fruit_tree, infiniplex_staircase_pool_2, grunt_megastairs_1,
          uniq_prince_ribbit2
Lair:2:   minmay_shoals_entry_beasts

Skill      XL: |  1  2  3  4  5  6  7  8  9 10 11 12 |
---------------+-------------------------------------+-----
Earth Magic    | 4 5 6 7 9 10 12 14 | 14.9
Fighting       | 1 2 3 4 5 6 7 8 |  8.0
Stealth        | 3 4 0 |  0.0
Maces & Flails | 2 4 5 6 7 8 |  8.2
Conjurations   | 3 4 6 7 |  7.1
Armour         | 3 5 6 |  6.3
Spellcasting   | 3 4 5 |  5.4
Dodging        | |  1.6

Action                   |  1- 3 |  4- 6 |  7- 9 | 10-12 || total
-------------------------+-------+-------+-------+-------++-------
Melee: Whip              |    32 |   107 |   128 |   238 ||   505
 Cast: Sandblast         |    26 |    47 |    43 |   136 ||   252
       Stone Arrow       |       |       |    75 |    80 ||   155
       Searing Ray       |       |       |       |     5 ||     5
       Lee's Rapid Decon |       |       |       |     4 ||     4
Invok: Sacrifice Purity  |       |       |     1 |       ||     1
       Sacrifice Arcana  |       |       |       |     1 ||     1
       Sacrifice Stealth |       |       |       |     1 ||     1
       Sacrifice Essence |       |       |       |     1 ||     1
Evoke: Wand              |       |       |       |    21 ||    21
  Use: Scroll            |     3 |     4 |    16 |    11 ||    34
       Potion            |       |     6 |     4 |     8 ||    18
 Stab: Sleeping          |       |     1 |     5 |     1 ||     7
  Eat: Chunk             |     1 |    11 |    21 |    11 ||    44
       Fruit             |       |     2 |     1 |       ||     3
       Royal jelly       |       |     1 |     1 |     3 ||     5
       Bread ration      |       |       |       |     1 ||     1
       Meat ration       |       |       |       |     1 ||     1
Armor: Robe              |    15 |    45 |    44 |    22 ||   126
       Steam dragon scal |       |       |       |    78 ||    78
Dodge: Dodged            |    24 |    93 |    71 |   109 ||   297

Table legend:
 A = Spawn XP
 B = Non-spawn XP
 C = Spawn XP percentage of total XP
 D = Spawn monster count
 E = Non-spawn monster count
 F = Spawn count percentage of total count
 G = Total turns spent on level
                    A         B        C        D         E        F      G
               +---------+---------+-------+---------+---------+-------+---------
         Total |       0 |   24379 |   0.0 |       0 |     289 |   0.0 | 15526
               +---------+---------+-------+---------+---------+-------+---------
           D:1 |       0 |      20 |   0.0 |       0 |      10 |   0.0 |   801
           D:2 |       0 |      76 |   0.0 |       0 |      29 |   0.0 |   658
           D:3 |       0 |     248 |   0.0 |       0 |      28 |   0.0 |   958
           D:4 |       0 |     319 |   0.0 |       0 |      26 |   0.0 |   770
           D:5 |       0 |    1190 |   0.0 |       0 |      17 |   0.0 |  1339
           D:6 |       0 |     937 |   0.0 |       0 |      18 |   0.0 |  1223
           D:7 |       0 |    1020 |   0.0 |       0 |      27 |   0.0 |  1456
           D:8 |       0 |     686 |   0.0 |       0 |      12 |   0.0 |   652
           D:9 |       0 |    1178 |   0.0 |       0 |      28 |   0.0 |  1444
          D:10 |       0 |    3393 |   0.0 |       0 |      18 |   0.0 |  1602
          D:11 |       0 |    4616 |   0.0 |       0 |      33 |   0.0 |  1749
        Lair:1 |       0 |    3575 |   0.0 |       0 |      18 |   0.0 |   949
        Lair:2 |       0 |    5044 |   0.0 |       0 |      21 |   0.0 |  1460
      Shoals:1 |       0 |    2077 |   0.0 |       0 |       4 |   0.0 |   162
               +---------+---------+-------+---------+---------+-------+---------
